Unix NetHack Version 5.0.0-0 post-release - last build May 31 2026 23:59:36 (970b52f25bf058293b47ddfd14a1e40e571c508c,branch:main).

Game began 2026-06-07 14:47:54, ended 2026-06-07 14:54:42.

IanCurtis, chaotic male elven Wizard

                                       --   ---
                                       |.   |..-
                                     ---..---...--
                                     |............--------
                                      ..............|.|..---
                                         ..................-
                                           .................
                                              ...........
                                               -...%...-
                                               |...<...|          --
                                               -- |....|  --      .--
                                                  |..)...............*.-
                                                 --.---.............----
                                                 |%.|  -...........--
                                                 |.--   ---........|
                                           -------.--------  ......-- ----
                                      -##G.......^h@)....%.%.............-
                                         -------...--------     ..---
                                               --.--             --
                                                --

IanCurtis the Conjurer    St:9 Dx:13 Co:11 In:18 Wi:11 Ch:12  Chaotic
Dlvl:4  $:14 HP:0(24) Pw:3(55) AC:9  Xp:4 T:1186 

Latest messages:
 In what direction? l
 The spell hits the gnome lord!
 You kill the gnome lord!
 The gnome lord shoots 2 crossbow bolts!
 The 1st crossbow bolt misses you.
 You are hit by the 2nd crossbow bolt.
 The gnome lord shoots 2 crossbow bolts!
 The 1st crossbow bolt hits the kitten.
 The 2nd crossbow bolt misses the kitten.
 You are almost hit by the 2nd crossbow bolt.
 The gnome lord shoots 2 crossbow bolts!
 You are hit by the 1st crossbow bolt.
 You are hit by the 2nd crossbow bolt!
 Wizard, your life force is running out.
 Are you sure you want to pray? [yes|no] yes
 You begin praying to Anhur.
 You are surrounded by a shimmering light.
 The gnome lord starts to attack you, but pulls back.
 You finish your prayer.
 You feel that Anhur is well-pleased.
 You feel much better.
 You hit the gnome lord.
 The gnome lord swings his crossbow.
 The gnome lord hits!
 The kitten picks up a dagger.
 You are beginning to feel hungry.
 You hit the gnome lord!
 The gnome lord zaps a tin wand!
 The gnome lord has made a hole in the floor.
 The gnome lord falls through...
 What do you want to eat? [vB or ?*] ?
 This carrot is delicious!
 You see here a crossbow bolt.
 You swap places with your kitten.
 You see here a crossbow bolt.
 In what direction? h
 The spell misses the dwarf.
 You don't have enough energy to cast that spell.
 You miss the dwarf.
 You see here a crossbow bolt.
 Your kitten eats a dwarf corpse.
 You miss the dwarf.
 You miss the dwarf.
 The dwarf swings her broad pick.
 The dwarf hits!
 You miss the dwarf.
 The dwarf swings her broad pick.
 The dwarf hits!
 You die...
 Do you want your possessions identified? [ynq] (y) q

Inventory:
 Coins    ('$')
  $ - 14 gold pieces
 Weapons  (')')
  a - a blessed +1 quarterstaff (weapon in hands)
 Armor    ('[')
  b - an uncursed +0 cloak of magic resistance (being worn)
 Comestibles  ('%')
  v - 2 uncursed cram rations
 Scrolls  ('?')
  x - an uncursed scroll of create monster
  u - an uncursed scroll of enchant armor
  i - 2 uncursed scrolls of enchant weapon
  j - an uncursed scroll of identify
 Spellbooks  ('+')
  q - an uncursed spellbook of confuse monster
  l - an uncursed spellbook of detect food
  k - a blessed spellbook of force bolt
 Potions  ('!')
  t - an uncursed potion of booze
  r - an uncursed potion of healing
  f - an uncursed potion of levitation
  g - an uncursed potion of monster detection
  h - a blessed potion of sleeping
 Rings    ('=')
  e - an uncursed ring of polymorph control
  z - an uncursed ring of protection from shape changers
 Wands    ('/')
  c - a wand of make invisible (0:8)
  A - a wand of slow monster (0:7)
 Tools    ('(')
  n - an uncursed wooden harp
  m - a magic marker (0:21)
  d - a +0 pick-axe
  p - an uncursed tallow candle

IanCurtis the Wizard's attributes:

Background:
 You were a Conjurer, a level 4 male elven Wizard.
 You were chaotic, on a mission for Anhur
 who was opposed by Ptah (lawful) and Thoth (neutral).
 You were right-handed.
 You were in the Gnomish Mines, on level 4.
 You entered the dungeon 1186 turns ago.
 You had 158 experience points, 2 more were needed to attain level 5.

Basics:
 You had 0 out of 24 hit points.
 You had 3 out of 55 energy points (spell power).
 Your armor class was 9.
 Your wallet contained 14 zorkmids.
 Autopickup was off.

Final Characteristics:
 Your strength was 9 (limit:18).
 Your dexterity was 13 (limit:18).
 Your constitution was 11 (limit:16).
 Your intelligence was 18 (limit:20).
 Your wisdom was 11 (limit:20).
 Your charisma was 12 (limit:18).

Final Status:
 You weren't hungry.
 You were unencumbered.
 You were wielding a quarterstaff.
 You had basic skill with quarterstaff.

Final Attributes:
 You were devoutly aligned.
 You were magic-protected.
 You were sleep resistant.
 You had infravision.
 You were warded.
 You are dead.

Miscellaneous:
 You didn't encounter any bones levels.
 Total elapsed playing time was 6 minutes and 47 seconds.

Major events:
 Turn
    1: IanCurtis the chaotic male elven Wizard entered the dungeon
  605: entered the Gnomish Mines
  635: attained the rank of Conjurer (level 3)
 1186: killed by a dwarf

Spells:
 Name                 Level Category     Fail Retention
 force bolt             1   attack         0%  91%-100%
 detect food            2   divination    43%  76%-100%

Skills:
 Fighting Skills
   bare handed combat [Unskilled]
   riding             [Unskilled]
 Weapon Skills
   dagger             [Unskilled]
   knife              [Unskilled]
   axe                [Unskilled]
   short sword        [Unskilled]
   club               [Unskilled]
   mace               [Unskilled]
   quarterstaff       [Basic]
   polearms           [Unskilled]
   spear              [Unskilled]
   trident            [Unskilled]
   sling              [Unskilled]
   dart               [Unskilled]
   shuriken           [Unskilled]
 Spellcasting Skills
   attack spells      [Basic]
   healing spells     [Unskilled]
   divination spells  [Unskilled]
   enchantment spells [Basic]
   clerical spells    [Unskilled]
   escape spells      [Unskilled]
   matter spells      [Unskilled]

Voluntary challenges:
 Character rerolling was not enabled.
 You were illiterate.
 You never genocided any monsters.
 You never polymorphed an object.
 You never changed form.
 You used no wishes.
Achievements:
 You entered the Gnomish Mines.
 You attained the rank of Conjurer.

 The Dungeons of Doom: levels 1 to 2
    Level 1:
       A fountain.
    Level 2:
       A fountain.
       Stairs down to The Gnomish Mines.
 The Gnomish Mines: levels 3 to 4
    Level 3:
    Level 4: <- You were here.
       Final resting place for
          you, killed by a dwarf.


Vanquished creatures:
  a shrieker
  2 gnome leaders
  3 dwarves
  2 hobbits
  a hobgoblin
 17 gnomes
  4 jackals
  3 foxes
  2 goblins
  3 lichens
  3 newts
41 creatures vanquished.

No species were genocided or became extinct.

Game over:
                       ----------
                      /          \
                     /    REST    \
                    /      IN      \
                   /     PEACE      \
                  /                  \
                  |    IanCurtis     |
                  |      14 Au       |
                  |   killed by a    |
                  |      dwarf       |
                  |                  |
                  |                  |
                  |       2026       |
                 *|     *  *  *      | *
        _________)/\\_//(\/(/\)/\//\/|_)_______

Goodbye IanCurtis the Wizard...

You died in The Gnomish Mines on dungeon level 4 with 805 points,
and 14 pieces of gold, after 1186 moves.
You were level 4 with a maximum of 24 hit points when you died.

